 Dungeon Crawl Stone Soup version 0.27-a0-1590-g15f69828bf (webtiles) character file.

Game seed: 15818340208140538657

966 duskshroud the Ruffian (level 7, -1/72 HPs)
             Began as a Troll Fighter on July 19, 2021.
             Slain by an unseen horror (6 damage)
             ... on level 5 of the Dungeon.
             The game lasted 00:09:10 (2822 turns).

duskshroud the Ruffian (Troll Fighter)              Turns: 2822, Time: 00:09:10

Health: -1/72      AC:  7    Str: 25    XL:     7   Next: 93%
Magic:  6/6        EV: 10    Int:  4    God:
Gold:   236        SH:  0    Dex: 11    Spells: 6/6 levels left

rFire    . . .     SeeInvis .     - Unarmed
rCold    . . .     Faith    .   (no shield)
rNeg     . . .     Spirit   .   w - +0 troll leather armour {Purgy}
rPois    .         Reflect  .   (helmet restricted)
rElec    .         Harm     .   A - +0 cloak
rCorr    +         Rampage  .   (gloves unavailable)
Will     .....                  (boots unavailable)
Stlth    +.........             (no amulet)
HPRegen  2.22/turn              h - ring of resist corrosion
MPRegen  0.10/turn              (no ring)

@: no status effects
A: large, unfitting armour, claws 3, regeneration 1, shaggy fur 1, tough skin 1
a: no special abilities


You were on level 5 of the Dungeon.
You visited 1 branch of the dungeon, and saw 5 of its levels.
You also visited: Sewer.

You collected 236 gold pieces.

Inventory:

Hand Weapons
 y - a +0 mace
Missiles
 a - 6 poisoned darts
 g - 2 throwing nets (quivered)
Armour
 b - a +0 kite shield
 w - a +0 troll leather armour (worn) {Purgy}
 A - a +0 cloak (worn)
Jewellery
 h - a ring of resist corrosion (left claw)
Wands
 u - a wand of flame (8)
Scrolls
 d - a scroll of immolation {unknown}
 e - 3 scrolls of teleportation {unknown}
 f - 3 scrolls of identify {unknown}
 i - 3 scrolls of brand weapon {unknown}
 j - a scroll of vulnerability {unknown}
 k - 3 scrolls of summoning {unknown}
 p - a scroll of silence {unknown}
 t - 2 scrolls of fear {unknown}
Potions
 c - a potion of might
 l - 3 potions of curing {unknown}
 m - a potion of flight {unknown}
 n - 2 potions of degeneration {unknown}
 o - 2 potions of resistance {unknown}
 q - a potion of cancellation {unknown}
 r - 2 potions of lignification {unknown}
 s - a potion of magic {unknown}
 v - a potion of haste {unknown}
 x - a potion of ambrosia {unknown}
 z - a potion of brilliance {unknown}


   Skills:
 + Level 5.0 Fighting
 - Level 2.4 Dodging
 - Level 2.4 Shields
 * Level 7.7 Unarmed Combat


You had 6 spell levels left.
You didn't know any spells.
Your spell library contained the following spells:

 Spells                   Type           Power      Damage    Failure   Level
 Ensorcelled Hibernation  Hex/Ice        0%         N/A       69%         2
 Slow                     Hex            0%         N/A       69%         2
 Confusing Touch          Hex            0%         N/A       89%         3
 Spider Form              Tmut/Pois      0%         N/A       89%         3
 Vampiric Draining        Necr           0%         2d6       89%         3
 Shadow Creatures         Summ           N/A        N/A       100%        6


Dungeon Overview and Level Annotations

Branches:
Dungeon (5/15)              Sewer (visited)
 Temple: D:4-7

Altars:
Fedhas
Hepliaklqana
Sif Muna

Shops:
D:1 *


Innate Abilities, Weirdness & Mutations

You are too large for most types of armour.
You have claws for hands.
Your natural rate of healing is unusually fast.
You are covered in fur. (AC +1)
You have tough skin. (AC +1)


Message History

Something hits you. Something hits you.
You scratch something. Something hits you.
Something hits you but does no damage.
You miss something. Something hits you. x2
You barely miss something. Something hits you.
Something hits you but does no damage.
You closely miss something. Something hits you. Something hits you.
Something hits you!
You barely miss something. Something hits you. Something hits you. x2
You claw something! Something hits you. Something hits you.
Something hits you but does no damage. Something completely misses you.
Something hits you but does no damage. Something hits you. Something hits you.
Something hits you. Something hits you.
* * * LOW HITPOINT WARNING * * *
Something completely misses you. Something hits you but does no damage.
Something hits you. Something hits you but does no damage. Something hits you!
* * * LOW HITPOINT WARNING * * *
Something hits you but does no damage. Something hits you but does no damage.
Something hits you.
* * * LOW HITPOINT WARNING * * *
You completely miss something. Something hits you!
* * * LOW HITPOINT WARNING * * *
Something hits you but does no damage.
You scratch something. Your claw misses something. Something hits you.
* * * LOW HITPOINT WARNING * * *
Something hits you.
* * * LOW HITPOINT WARNING * * *
Something hits you!
* * * LOW HITPOINT WARNING * * *
Something hits you.
You die...

####..####.# #..####.#
#.......# #.#######
#.## #.# ....# #.#
#.#..##.# ##
####..#.###########...#
5n5##.#.....@.........#
####..#..##########...#
#.#..#...## ##
....#.....# #........##
...####.## .# #.# #.#
##'##


There were no monsters in sight!

Vanquished Creatures
  An ice beast (D:5)
  Purgy (Sewer)
  A necrophage (D:5)
  A centaur (D:5)
  A bullfrog (D:4)
  2 scorpions
  A wyvern zombie (D:5)
  A water moccasin skeleton (D:5)
  2 hounds
  Natasha (thrice) (D:3)
  A killer bee zombie (D:5)
  Robin (D:4)
  6 adders
  A shadow imp (D:5)
  An adder skeleton (D:4)
  2 worms
  2 dart slugs
  8 orcs
  6 endoplasms
  3 giant cockroaches
  11 goblins
  8 hobgoblins
  15 jackals
  7 quokkas
  4 ball pythons
  A frilled lizard (D:2)
  7 kobolds
  6 rats
104 creatures vanquished.

Vanquished Creatures (others)
  A goblin (D:4)
1 creature vanquished.

Grand Total: 105 creatures vanquished

Notes
Turn   | Place    | Note
-------+----------+-------------------------------------------
     0 | D:1      | duskshroud the Troll Fighter began the quest for the Orb.
     0 | D:1      | Reached XP level 1. HP: 22/22 MP: 0/0
   117 | D:1      | Found a faded altar of an unknown god.
   224 | D:1      | Reached XP level 2. HP: 29/29 MP: 1/1
   276 | D:1      | Found Musaudat's General Store.
   500 | D:2      | Reached skill level 3 in Unarmed Combat
   543 | D:2      | Reached XP level 3. HP: 35/36 MP: 2/2
   904 | D:2      | Reached XP level 4. HP: 41/45 MP: 3/3
  1107 | D:3      | Noticed a scorpion
  1114 | D:3      | Killed a scorpion
  1115 | D:3      | Reached skill level 4 in Unarmed Combat
  1115 | D:3      | Reached XP level 5. HP: 47/53 MP: 4/4
  1250 | D:3      | Noticed Natasha
  1253 | D:3      | Killed Natasha
  1310 | D:3      | Noticed Natasha
  1315 | D:3      | Killed Natasha
  1316 | D:3      | Reached skill level 5 in Unarmed Combat
  1396 | D:3      | Noticed Natasha
  1403 | D:3      | Killed Natasha
  1647 | D:4      | Noticed Robin
  1659 | D:4      | Killed Robin
  1660 | D:4      | Reached XP level 6. HP: 38/62 MP: 5/5
  1838 | D:4      | Found a blossoming altar of Fedhas.
  1838 | D:4      | Found a shimmering blue altar of Sif Muna.
  1838 | D:4      | Found a hazy altar of Hepliaklqana.
  1911 | D:4      | Found a glowing drain.
  1923 | Sewer    | Entered a sewer
  1960 | Sewer    | Noticed Purgy
  1962 | Sewer    | Killed Purgy
  1963 | Sewer    | Reached skill level 6 in Unarmed Combat
  2374 | D:5      | Entered Level 5 of the Dungeon
  2421 | D:5      | Reached XP level 7. HP: 70/70 MP: 6/6
  2569 | D:5      | Reached skill level 7 in Unarmed Combat
  2612 | D:5      | Reached skill level 5 in Fighting
  2821 | D:5      | HP: 3/72 [something (8)]
  2822 | D:5      | Slain by an unseen horror

Illustrated notes

Levels and vault maps discovered:
D:1:      dpeg_arrival_tiny_a, layout_rooms,
          shapermc_ecumenical_altar_totnotflames, serial_shops, shop
D:2:      layout_rooms
D:3:      layout_loops_ring, uniq_natasha
D:4:      layout_rooms, gammafunk_temple_overflow_claw, gup_sewer_entry_pipe,
          uniq_robin
D:5:      minmay_diamond_boxcup, layout_loops_corners,
          minmay_temple_entry_glass, hangedman_decor_riveting,
          nicolae_take_the_stairs, minmay_fractal_squares_gapless_5

Skill      XL: |  1  2  3  4  5  6  7 |
---------------+----------------------+-----
Unarmed Combat | 3 4 5 6 7 |  7.7
Fighting       | 3 4 5 |  5.0
Dodging        | |  2.4
Shields        | |  2.4

Action                   |  1- 3 |  4- 6 |  7- 9 || total
-------------------------+-------+-------+-------++-------
Melee: Unarmed           |    86 |   134 |    52 ||   272
       Punch             |     1 |     1 |       ||     2
Armor: Robe              |    25 |    20 |       ||    45
       Troll leather arm |       |     6 |    40 ||    46
Dodge: Dodged            |    31 |    37 |    15 ||    83

Table legend: (Time is in decaauts)
 A = Elapsed time spent in this place.
 B = Non-inter-level travel time spent in this place.
 C = Inter-level travel time spent in this place.
 D = Time resting spent in this place.
 E = Time spent auto-exploring this place.
 F = Levels seen in this place.
 G = Mean time per level.
                   A        B        C        D        E       F      G
               +--------+--------+--------+--------+--------+-----+--------+
         Total |   2815 |   2729 |     86 |     25 |   1695 |   6 |  469.2 |
       Dungeon |   2612 |   2526 |     86 |     25 |   1695 |   5 |  522.4 |
         Sewer |    203 |    203 |      0 |      0 |      0 |   1 |  203.0 |
               +--------+--------+--------+--------+--------+-----+--------+

Top non-repeatable levels by time:
     D:3: 625 daAuts
     D:4: 587 daAuts
     D:1: 489 daAuts
     D:2: 469 daAuts
     D:5: 440 daAuts
   Sewer: 203 daAuts
